 Dungeon Crawl Stone Soup version 0.30-a0-335-ge5acde7520 (webtiles) character file.

Game seed: 18391551398021738753

121 itsjusterkel the Trooper (level 4, -1/46 HPs)
             Began as a Troll Berserker on Oct 31, 2022.
             Was a Priest of Trog.
             Slain by Edmund
             ... wielding a +4 dire flail of protection
              (9 damage)
             ... on level 3 of the Dungeon.
             The game lasted 00:26:36 (2216 turns).

itsjusterkel the Trooper (Troll Berserker)          Turns: 2216, Time: 00:26:37

Health: -1/46      AC:  4    Str: 27    XL:     4   Next: 77%
Magic:  3/3        EV: 10    Int:  3    God:    Trog [***...]
Gold:   112        SH:  0    Dex:  9    Spells: 3/3 levels left

rFire   + . .      SeeInvis .    a - +0 mace
rCold   + . .      Faith    +    (no shield)
rNeg    . . .      Spirit   .    b - +0 animal skin
rPois   .          Reflect  .    (helmet restricted)
rElec   .          Harm     .    g - scarf {rC+ rF+}
rCorr   .          Rampage  .    (gloves unavailable)
Will    .....                    (boots unavailable)
Stlth   +.........               t - amulet of faith
HPRegen 1.07/turn                (no ring)
MPRegen 0.08/turn                (no ring)

@: brilliant
A: large, unfitting armour, claws 3, regeneration 1, shaggy fur 1, tough skin 1
a: Renounce Religion, Berserk, Trog's Hand


You were on level 3 of the Dungeon.
You worshipped Trog.
Trog was most pleased with you.
You visited 1 branch of the dungeon, and saw 5 of its levels.

You collected 112 gold pieces.

Inventory:

Hand Weapons
 a - a +0 mace (weapon)
 c - a +0 dagger
 f - a +0 dagger
 i - a +0 club
 k - a +0 club
 p - a +0 whip
 q - a +0 dagger
 r - a +0 whip
 w - a +0 whip
 x - a +0 short sword
 C - a +0 sling
Armour
 b - a +0 animal skin (worn)
 d - a +0 leather armour
 g - a scarf of resistance (worn)
 m - a +0 chain mail
Magical Staves
 B - a staff of poison
Jewellery
 t - an amulet of faith (around neck)
Scrolls
 e - a scroll of fear
 h - a scroll of magic mapping {unknown}
 n - 4 scrolls of identify
 s - 3 scrolls of poison {unknown}
 v - a scroll of blinking {unknown}
 y - a scroll of immolation {unknown}
Potions
 l - a potion of berserk rage {unknown}
 o - a potion of lignification {unknown}
 u - a potion of haste {unknown}
 z - 2 potions of curing {unknown}
 A - a potion of attraction {unknown}


   Skills:
 * Level 3.6 Fighting
 - Level 3.0 Maces & Flails
 + Level 3.2 Dodging
 + Level 0.5 Stealth


You had 3 spell levels left.
You didn't know any spells.
Your spell library was empty.

Dungeon Overview and Level Annotations

Branches:
Dungeon (5/15)
 Temple: D:4-7

Altars:

Shops:
D:3 [

Annotations:
D:3 Edmund


Innate Abilities, Weirdness & Mutations

You are too large for most types of armour.
You have claws for hands.
Your natural rate of healing is unusually fast.
You are covered in fur. (AC +1)
You have tough skin. (AC +1)


Message History

The scorpion stings you but does no damage.
There is a stone staircase leading up here.
The scorpion stings you but does no damage.
You climb upwards.
Level annotation: Edmund Edmund hits you but does no damage.
Edmund hits you with a +4 dire flail of protection!
There is a stone staircase leading down, spattered with blood here.
The scorpion attacks as you move away!
The scorpion stings you but does no damage.
Edmund attacks as you move away!
Edmund hits you with a +4 dire flail of protection!
The scorpion closely misses you. The scorpion misses you.
There is a stone staircase leading up here.
The scorpion stings you.
Edmund hits you with a +4 dire flail of protection!
* * * LOW HITPOINT WARNING * * *
You climb upwards.
You hear the sound of rushing water.
There is an entrance to a sewer on this level.
Hurry and find it before the portal rusts away!
You hear the brisk rusting of a very distant drain.
There is a stone staircase leading down here.
It was a potion of brilliance.
You feel clever all of a sudden.
The scorpion stings you but does no damage.
Edmund misses you.
You are too injured to fight recklessly!
You are too injured to fight recklessly!
You are too injured to fight recklessly!
You are too injured to fight recklessly!
You are too injured to fight recklessly!
The scorpion barely misses you.
The scorpion stings you but does no damage.
The scorpion attacks as you move away! The scorpion closely misses you.
Edmund attacks as you move away!
Edmund hits you with a +4 dire flail of protection!
* * * LOW HITPOINT WARNING * * *
Edmund attacks as you move away!
Edmund hits you with a +4 dire flail of protection!
You die...

#............#.#
#............#.#
###............#.# #
................>#.#
###..............#.###.#
#.......#...#........#
#........#.#...#.#####
#.#.......∩..@s#.#
#........#.#..@#.#
....#.....#...#....#
###.#..##.(......#######
#.. #.#............. #..
#.#.##.......### #..
#.....<..###.# #$.
###.###..# # #.! ....
...# #.#..#.#....


You could see Edmund and a scorpion.

Vanquished Creatures
  2 hounds (D:4)
  A dart slug (D:2)
  3 endoplasms
  2 giant cockroaches
  6 goblins
  5 hobgoblins
  8 jackals (D:1)
  4 quokkas
  3 ball pythons
  3 bats (D:2)
  3 frilled lizards
  11 kobolds
  5 rats
56 creatures vanquished.

Vanquished Creatures (others)
  A withered plant (D:1)
1 creature vanquished.

Grand Total: 57 creatures vanquished

Notes
Turn   | Place    | Note
-------+----------+-------------------------------------------
     0 | D:1      | itsjusterkel the Troll Berserker began the quest for the
                  | Orb.
     0 | D:1      | Reached XP level 1. HP: 22/22 MP: 0/0
   187 | D:1      | Reached XP level 2. HP: 23/29 MP: 1/1
   522 | D:1      | Found a faded altar of an unknown god.
   794 | D:2      | Reached ** piety under Trog
   821 | D:2      | Reached XP level 3. HP: 36/36 MP: 2/2
  1771 | D:3      | Found Eqarr's Antique Armour Boutique.
  1928 | D:4      | Noticed Edmund
  1967 | D:4      | Reached XP level 4. HP: 34/45 MP: 3/3
  2031 | D:4      | Reached *** piety under Trog
  2201 | D:5      | Entered Level 5 of the Dungeon
  2201 | D:5      | Noticed a scorpion
  2216 | D:3      | Slain by Edmund

Illustrated notes

Levels and vault maps discovered:
D:1:      ebering_hopf_link, layout_loops_ring,
          ebering_ecumenical_altar_petrified, serial_shops,
          nicolae_lakefront_shop
D:2:      layout_loops_corners, grunt_ministairs_6, minivault_23,
          chequers_avenue
D:3:      layout_basic, okawaru_trees_1, portal_sewer_entry_b, serial_shops,
          nicolae_shop_advertising_works [nicolae_subvault_shop_adworks],
          st_stairs_9, minmay_strange_pillars, kennysheep_nub
D:4:      layout_gridville, minmay_bisected, uniq_edmund
D:5:      minmay_evil_eye, layout_cave_pools, serial_shops, shop,
          uniq_blork_the_orc, uniq_menkaure, uniq_sigmund

Skill      XL: |  1  2  3 |
---------------+----------+-----
Maces & Flails | 3 |  3.0
Fighting       | 3 |  3.6
Dodging        | 3 |  3.2
Stealth        | |  0.5

Action                   |  1- 3 |  4- 6 || total
-------------------------+-------+-------++-------
Melee: Mace              |   153 |    20 ||   173
       Punch             |       |     1 ||     1
  Use: Scroll            |     2 |       ||     2
       Potion            |       |     1 ||     1
 Stab: Sleeping          |     2 |       ||     2
Armor: Animal skin       |    76 |    17 ||    93
Dodge: Dodged            |    99 |    33 ||   132

Table legend: (Time is in decaauts)
 A = Elapsed time spent in this place.
 B = Non-inter-level travel time spent in this place.
 C = Inter-level travel time spent in this place.
 D = Time resting spent in this place.
 E = Time spent auto-exploring this place.
 F = Levels seen in this place.
 G = Mean time per level.
                   A        B        C        D        E       F      G
               +--------+--------+--------+--------+--------+-----+--------+
         Total |   2260 |    461 |   1799 |      0 |      0 |   5 |  452.0 |
       Dungeon |   2260 |    461 |   1799 |      0 |      0 |   5 |  452.0 |
               +--------+--------+--------+--------+--------+-----+--------+

Top non-repeatable levels by time:
     D:2: 1029 daAuts
     D:1: 775 daAuts
     D:4: 392 daAuts
     D:3: 59 daAuts
     D:5: 3 daAuts
